 Dungeon Crawl Stone Soup version 0.29-a0-330-g52719c12eb (webtiles) character file.

Game seed: 6729049288787157276

1773 Crownlay the Digger (level 9, -10/59 HPs)
             Began as an Octopode Earth Elementalist on May 11, 2022.
             Was an Initiate of Gozag.
             Mangled by a hornet (12 damage)
             ... on level 6 of the Dungeon.
             The game lasted 00:11:45 (6544 turns).

Crownlay the Digger (Octopode Earth Elementalist)   Turns: 6544, Time: 00:11:45

Health: -10/59     AC:  5    Str: 19    XL:     9   Next: 7%
Magic:  15/17      EV: 13    Int: 22    God:    Gozag
Gold:   202        SH:  0    Dex: 12    Spells: 15/19 levels left

rFire   . . .      SeeInvis .   f - +0 short sword (holy)
rCold   . . .      Faith    .   (no shield)
rNeg    . . .      Spirit   .   (helmet restricted)
rPois   .          Reflect  .   (no amulet)
rElec   .          Harm     .   q - +6 ring of strength
rCorr   .          Rampage  .   v - +6 ring of strength
Will    .....                   y - +4 ring of protection
Stlth   +++.......              (no ring)
HPRegen 0.19/turn               (no ring)
MPRegen 0.15/turn               (no ring)
                                (no ring)
                                (no ring)

@: gold aura, attractive, slowed, very slow
A: almost no armour, amphibious, 8 rings, camouflage 1, gelatinous body 1,
(nimble swimmer 1), tentacles
a: Renounce Religion, Potion Petition, Call Merchant, Bribe Branch


You were on level 6 of the Dungeon.
You worshipped Gozag.
Gozag was aware of your devotion.
You visited 2 branches of the dungeon, and saw 7 of its levels.

You collected 259 gold pieces.
You paid 57 gold pieces to Gozag.

Inventory:

Hand Weapons
 e - a +1 dagger of draining
 f - a +0 short sword of holy wrath (weapon)
Missiles
 a - 79 stones
Jewellery
 q - a +6 ring of strength (left tentacle)
 v - a +6 ring of strength (right tentacle)
 y - a +4 ring of protection (on tentacle)
Wands
 m - a wand of acid (5)
 C - a wand of flame (24)
Scrolls
 h - a scroll of holy word
 i - 3 scrolls of enchant armour
 j - a scroll of summoning
 k - a scroll of teleportation
 l - 3 scrolls of enchant weapon
 n - a scroll of amnesia
 o - 2 scrolls of magic mapping {unknown}
 t - a scroll of noise {unknown}
 x - a scroll of torment {unknown}
Potions
 b - 2 potions of magic
 d - a potion of mutation {unknown}
 r - a potion of resistance {unknown}
 s - 2 potions of brilliance
 u - a potion of might
 w - a potion of heal wounds {unknown}
 z - a potion of degeneration {unknown}
 B - a potion of berserk rage {unknown}
 D - a potion of curing {unknown}


   Skills:
 + Level 4.6 Fighting
 - Level 2.0 Dodging
 - Level 2.6 Stealth
 + Level 5.5 Spellcasting
 + Level 4.7 Conjurations
 + Level 2.7 Summonings
 - Level 1.0 Transmutations
 - Level 7.0 Earth Magic


You had 15 spell levels left.
You knew the following spells:

 Your Spells              Type           Power      Damage    Failure   Level
a - Sandblast             Erth           72%        2d16      1%          1
b - Stone Arrow           Conj/Erth      62%        3d10      2%          3

Your spell library contained the following spells:

 Spells                   Type           Power      Damage    Failure   Level
 Passwall                 Tmut/Erth      19%        N/A       2%          2
 Animate Skeleton         Necr           12%        N/A       10%         1
 Pain                     Necr           24%        1d5       10%         1
 Summon Guardian Golem    Hex/Summ       12%        N/A       16%         3
 Petrify                  Tmut/Erth      23%        N/A       19%         4
 Vampiric Draining        Necr           6%         2d6       28%         3
 Orb of Destruction       Conj           13%        9d7       100%        7
 Spellforged Servitor     Conj/Summ      11%        N/A       100%        7


Dungeon Overview and Level Annotations

Branches:
Dungeon (6/15)             Temple (1/1) D:4

Altars:
Ashenzari
Dithmenos
Elyvilon
Fedhas
Gozag
Kikubaaqudgha
Makhleb
Nemelex Xobeh
Qazlal
Trog
Uskayaw
Vehumet
Xom
Yredelemnul
Zin
The Shining One
Lugonu


Innate Abilities, Weirdness & Mutations

You cannot wear most types of armour.
You are amphibious.
You can wear up to eight rings at the same time.
Your skin changes colour to match your surroundings (Stealth+).
Your rubbery body absorbs attacks. (AC +1, EV +1)
((You are camouflaged when in or above water. (Stealth+)))
You have tentacles for arms and can constrict up to eight enemies at once.


Message History

You grab the scorpion.
The scorpion is heavily wounded.
You constrict the scorpion, but do no damage.
You feel sick.
The scorpion struggles to escape constriction.
The jelly is attracted toward you. The hornet is attracted toward you.
The hornet buzzes angrily.
You hit the scorpion.
You squeeze the scorpion, but do no damage.
The scorpion is severely wounded.
You constrict the scorpion.
You feel sick.
The scorpion struggles to escape constriction.
You hit the scorpion but do no damage.
You squeeze the scorpion, but do no damage.
The scorpion is severely wounded.
You constrict the scorpion.
You kill the scorpion!
You feel sick.
Cornered, the jelly turns to fight!
Casting: Sandblast (safe; 1% risk of failure)
Confirm with . or Enter, or press ? or * to list all spells.
Aiming: Sandblast (safe; 1% risk of failure)
Press: ? - help, Shift-Dir - straight line, f/p - hornet
Aim: a hornet (translocational energy, severely wounded, 73% to hit)
The blast of sand hits the jelly!!
You kill the jelly!
You feel sick. The hornet stings you!
* * * LOW HITPOINT WARNING * * *
You feel yourself slow down.
Casting: Sandblast (safe; 1% risk of failure)
Confirm with . or Enter, or press ? or * to list all spells.
Aiming: Sandblast (safe; 1% risk of failure)
Press: ? - help, Shift-Dir - straight line, f/p - hornet
Aim: a hornet (severely wounded, 73% to hit)
The blast of sand hits the hornet but does no damage.
The hornet is severely wounded.
You feel sick.
You are no longer poisoned.
The hornet stings you!
You die...
Your body crumbles into a pile of gold.

#.# #.# #.# #.#
#.# #.# #.# #$#
#@# #y# #.#
####$############
##..........5.....
#....P....PPPP.._.
#..............[..
#.###.############
#. #.#


You could see a hornet.

Vanquished Creatures
  A shadow (D:5)
  Menkaure (D:4)
  2 black bears
  A water moccasin (D:5)
  2 ogres
  A centaur (D:5)
  A phantom (D:5)
  A bullfrog (D:6)
  A necrophage (D:5)
  3 scorpions
  3 jellies
  2 hounds (D:5)
  Crazy Yiuf (D:5)
  6 iguanas
  An orc priest (D:5)
  An orc wizard (D:5)
  5 gnolls (D:5)
  5 adders
  3 white imps
  2 worms (D:2)
  5 dart slugs
  4 orcs (D:5)
  2 bats (D:3)
  9 endoplasms
  3 giant cockroaches
  12 goblins
  6 hobgoblins
  3 jackals (D:2)
  2 quokkas
  8 ball pythons
  A frilled lizard (D:1)
  11 kobolds
  3 rats
112 creatures vanquished.

Vanquished Creatures (others)
  3 fungi (D:6)
3 creatures vanquished.

Grand Total: 115 creatures vanquished

Notes
Turn   | Place    | Note
-------+----------+-------------------------------------------
     0 | D:1      | Crownlay the Octopode Earth Elementalist began the quest
                  | for the Orb.
     0 | D:1      | Reached XP level 1. HP: 11/11 MP: 3/3
   230 | D:1      | Reached XP level 2. HP: 17/17 MP: 1/5
   532 | D:1      | Found a faded altar of an unknown god.
   539 | D:1      | Reached skill level 4 in Earth Magic
   549 | D:1      | Reached XP level 3. HP: 11/21 MP: 6/6
  1626 | D:2      | Reached XP level 4. HP: 27/27 MP: 4/7
  1953 | D:2      | Reached skill level 5 in Earth Magic
  2025 | D:2      | Learned a level 3 spell: Stone Arrow
  2135 | D:3      | Found a broken altar of Ashenzari.
  2176 | D:3      | Noticed a black bear
  2194 | D:3      | Killed a black bear
  2195 | D:3      | Reached XP level 5. HP: 13/31 MP: 0/9
  2636 | D:3      | Found an ancient bone altar of Kikubaaqudgha.
  3192 | D:4      | Found a radiant altar of Vehumet.
  3215 | D:4      | Reached XP level 6. HP: 33/37 MP: 1/10
  3297 | D:4      | Noticed Menkaure
  3311 | D:4      | Killed Menkaure
  3312 | D:4      | Reached skill level 1 in Fighting
  3312 | D:4      | Reached skill level 1 in Conjurations
  3312 | D:4      | Reached skill level 6 in Earth Magic
  3430 | D:4      | Reached XP level 7. HP: 44/44 MP: 2/12
  3780 | D:4      | Found a staircase to the Ecumenical Temple.
  3789 | Temple   | Entered the Ecumenical Temple
  4235 | D:5      | Entered Level 5 of the Dungeon
  4389 | D:5      | Found a blossoming altar of Fedhas.
  4781 | D:5      | Noticed a shadow
  4818 | D:5      | Reached XP level 8. HP: 52/52 MP: 7/14
  4883 | D:5      | Killed a shadow
  5256 | D:5      | Reached skill level 7 in Earth Magic
  5506 | D:5      | Reached skill level 5 in Spellcasting
  5506 | D:5      | Reached skill level 1 in Summonings
  5722 | D:5      | Found a bloodstained altar of Trog.
  6003 | D:5      | Found an opulent altar of Gozag.
  6003 | D:5      | Found a glowing silver altar of Zin.
  6008 | D:5      | Became a worshipper of Gozag Ym Sagoz the Greedy
  6130 | D:5      | Found a runed translucent door.
  6131 | D:5      | Noticed Crazy Yiuf
  6240 | D:5      | Killed Crazy Yiuf
  6373 | D:6      | Reached XP level 9. HP: 59/59 MP: 9/17
  6499 | D:6      | Found a sparkling altar of Nemelex Xobeh.
  6517 | D:6      | Noticed a hornet
  6521 | D:6      | Paralysed by a hornet for 2 turns
  6544 | D:6      | HP: 2/59 [poisoned by a scorpion]
  6544 | D:6      | Mangled by a hornet

Illustrated notes

Levels and vault maps discovered:
D:1:      psy_arrival_radial02, layout_rooms, hellmonk_ecumenical_altar_blasted
D:2:      layout_basic, grunt_decor_clamped
D:3:      layout_rooms, overflow_temple_1_default, mainiacjoe_overflow_paths
D:4:      layout_basic, kennysheep_mini_moat, minmay_temple_entry_slanted,
          st_stairs_14, uniq_menkaure
D:5:      layout_loops_corners, grunt_temple_overflow_gold_and_silver,
          fedhas_altar_fruit_tree, trog_antimagical, uniq_crazy_yiuf_cottage
D:6:      layout_rooms, mainiacjoe_overflow_boulevard, minivault_19,
          kennysheep_generic_room_16
Temple:   corrupted_temple

Skill      XL: |  1  2  3  4  5  6  7  8 |
---------------+-------------------------+-----
Earth Magic    | 4 5 6 7 |  7.0
Spellcasting   | 3 4 5 |  5.5
Fighting       | 1 3 4 |  4.6
Conjurations   | 1 2 4 |  4.7
Summonings     | 2 |  2.7
Dodging        | |  2.0
Stealth        | |  2.6
Transmutations | |  1.0

Action                   |  1- 3 |  4- 6 |  7- 9 || total
-------------------------+-------+-------+-------++-------
Melee: Unarmed           |    11 |       |       ||    11
       Constrict         |     7 |    19 |     1 ||    27
       Tentacles         |     6 |    11 |     6 ||    23
       Short sword       |    28 |    60 |    17 ||   105
       Punch             |       |     1 |       ||     1
 Cast: Sandblast         |    26 |    12 |    41 ||    79
       Stone Arrow       |       |     6 |    42 ||    48
Evoke: Wand              |       |       |     1 ||     1
  Use: Scroll            |       |     5 |     5 ||    10
       Potion            |       |       |     5 ||     5
 Stab: Sleeping          |     5 |    10 |       ||    15
Armor: Skin              |     3 |     6 |     4 ||    13
Dodge: Dodged            |    27 |    34 |    27 ||    88

Table legend: (Time is in decaauts)
 A = Elapsed time spent in this place.
 B = Non-inter-level travel time spent in this place.
 C = Inter-level travel time spent in this place.
 D = Time resting spent in this place.
 E = Time spent auto-exploring this place.
 F = Levels seen in this place.
 G = Mean time per level.
                   A        B        C        D        E       F      G
               +--------+--------+--------+--------+--------+-----+--------+
         Total |   6552 |   6427 |    125 |      0 |   5566 |   7 |  936.0 |
       Dungeon |   6510 |   6397 |    113 |      0 |   5544 |   6 | 1085.0 |
        Temple |     41 |     29 |     12 |      0 |     22 |   1 |   41.0 |
               +--------+--------+--------+--------+--------+-----+--------+

Top non-repeatable levels by time:
     D:5: 2050 daAuts
     D:1: 1318 daAuts
     D:4: 1119 daAuts
     D:2: 997 daAuts
     D:3: 765 daAuts
     D:6: 260 daAuts
  Temple: 41 daAuts
